 Dungeon Sprint DCSS version 0.26-a0-658-gbdda728c12 (webtiles) character file.

Game seed: 15824702428153269140

13 sahdkjhfkaj the Gusty (level 2, -4/17 HPs)
             Began as an Octopode Air Elementalist on Oct 4, 2020.
             Was a Follower of Sif Muna.
             Slain by a gnoll
             ... wielding a +0 club
              (12 damage)
             ... in the Dungeon (Sprint VII: "The Pits").
             The game lasted 00:00:55 (539 turns).

sahdkjhfkaj the Gusty (Octopode Air Elementalist)    Turns: 539, Time: 00:00:56

Health: -4/17      AC:  1    Str:  7    XL:     2   Next: 37%
Magic:  0/5        EV: 13    Int: 17    God:    Sif Muna [*.....]
Gold:   0          SH:  0    Dex: 12    Spells: 5/6 levels left

rFire    . . .     SeeInvis .   l - +2 falchion
rCold    . . .     Faith    .   (no shield)
rNeg     . . .     Spirit   .   (helmet restricted)
rPois    .         Reflect  .   (no amulet)
rElec    .         Harm     .   (no ring)
rCorr    .         Rampage  .   (no ring)
MR       .....     NoTele   +   (no ring)
Stlth    +++.......             (no ring)
HPRegen  0.05/turn              (no ring)
MPRegen  0.09/turn              (no ring)
                                (no ring)
                                (no ring)

@: no status effects
A: almost no armour, stealthy swim, amphibious, 8 rings, constrict 8, camouflage
1, gelatinous body 1
a: Channel Magic, Renounce Religion


You were in the Dungeon.
You worshipped Sif Muna.
Sif Muna was aware of your devotion.
You visited 1 branch

Inventory:

Hand Weapons
 l - a +2 falchion (weapon)
Scrolls
 g - a scroll of blinking
 h - 3 scrolls of remove curse
 i - 5 scrolls of amnesia
 j - a scroll of summoning
 k - 2 scrolls of vulnerability
Potions
 a - 2 potions of berserk rage
 b - a potion of curing
 c - a potion of heal wounds
 d - a potion of haste
 e - 4 potions of magic
 f - 2 potions of invisibility


   Skills:
 - Level 2.0 Dodging
 - Level 2.6 Stealth
 + Level 2.7 Spellcasting
 * Level 2.9 Conjurations
 * Level 4.2 Air Magic


You had 5 spell levels left.
You knew the following spells:

 Your Spells              Type           Power        Failure   Level
a - Shock                 Conj/Air       ##..         4%          1

Your spell library contained the following spells:

 Spells                   Type           Power        Failure   Level
 Swiftness                Air            ###.....     4%          2
 Static Discharge         Conj/Air       ##......     12%         3
 Airstrike                Air            ###.......   32%         4
 Lightning Bolt           Conj/Air       ##........   75%         5


Dungeon Overview and Level Annotations

Branches:
Dungeon (1/1)

Altars:
Ashenzari
Cheibriados
Dithmenos
Elyvilon
Fedhas
Gozag
Hepliaklqana
Kikubaaqudgha
Makhleb
Nemelex Xobeh
Okawaru
Qazlal
Ru
Sif Muna
Trog
Uskayaw
Vehumet
Wu Jian
Xom
Yredelemnul
Zin
The Shining One
Beogh
Jiyva
Lugonu


Innate Abilities, Weirdness & Mutations

You cannot wear most types of armour.
You are very stealthy in the water. (Stealth+)
You are amphibious.
You can wear up to eight rings at the same time.
You can use your tentacles to constrict eight enemies at once.
Your skin changes colour to match your surroundings (Stealth+).
Your rubbery body absorbs attacks. (AC +1, EV +1)


Message History

Aim: a gnoll, wielding a +0 club The zap hits the gnoll.
The gnoll is heavily wounded.
The gnoll closely misses you.
Unknown command.
The gnoll hits you with a +0 club.
Unknown command.
There is an open door here.
You see here a kobold corpse.
There is an open door to the Storerooms (Easy) here.
Casting: Shock (safe; 4% risk of failure)
Confirm with . or Enter, or press ? or * to list all spells.
Aiming: Shock (safe; 4% risk of failure)
Press: ? - help, Shift-Dir - straight line, f/p - gnoll
Aim: a gnoll, wielding a +0 club (heavily wounded)
The zap hits the gnoll.
The gnoll is severely wounded.
The gnoll hits you with a +0 club!
Ouch! That really hurt!
You die...

############ #_________.#
#_________.#
#_______...###########++######
##########'##................#
#..(.')))'.##......#..#......#
##########.##................+
#...........'g@........).....+
#+#####†#####......#..#......#
#..#..# #................#
#..'..# ####'#####++######
#..#### #.......# #..
#.......# #. #.......# ##
#...<...# #.......#


You could see a gnoll.

Vanquished Creatures
  A gnoll (D)
  A giant cockroach (D)
  A quokka (D)
  A kobold (D)
4 creatures vanquished.

Notes
Turn   | Place    | Note
-------+----------+-------------------------------------------
     0 | D        | sahdkjhfkaj the Octopode Air Elementalist began the quest
                  | for the Orb.
     0 | D        | Reached XP level 1. HP: 11/11 MP: 3/3
    30 | D        | Reached skill level 4 in Air Magic
    30 | D        | Reached XP level 2. HP: 2/17 MP: 0/5
   344 | D        | Found a bloodstained altar of Trog.
   344 | D        | Found a shimmering blue altar of Sif Muna.
   344 | D        | Found a viscous altar of Jiyva.
   344 | D        | Found a hazy altar of Hepliaklqana.
   344 | D        | Found an opulent altar of Gozag.
   345 | D        | Found a glowing golden altar of the Shining One.
   345 | D        | Found a glowing silver altar of Zin.
   345 | D        | Found a basalt altar of Yredelemnul.
   345 | D        | Found a shimmering altar of Xom.
   345 | D        | Found an ornate altar of the Wu Jian Council.
   345 | D        | Found a sacrificial altar of Ru.
   345 | D        | Found a stormy altar of Qazlal.
   345 | D        | Found an iron altar of Okawaru.
   345 | D        | Found a sparkling altar of Nemelex Xobeh.
   345 | D        | Found a burning altar of Makhleb.
   345 | D        | Found a blossoming altar of Fedhas.
   345 | D        | Found a white marble altar of Elyvilon.
   345 | D        | Found a shadowy altar of Dithmenos.
   345 | D        | Found a snail-covered altar of Cheibriados.
   346 | D        | Found a radiant altar of Vehumet.
   346 | D        | Found a corrupted altar of Lugonu.
   346 | D        | Found a roughly hewn altar of Beogh.
   347 | D        | Found a hide-covered altar of Uskayaw.
   347 | D        | Found an ancient bone altar of Kikubaaqudgha.
   347 | D        | Found a broken altar of Ashenzari.
   352 | D        | Became a worshipper of Sif Muna the Loreminder
   528 | D        | Reached * piety under Sif Muna
   539 | D        | Slain by a gnoll

Illustrated notes

Levels and vault maps discovered:
D:        pitsprint [storerooms_1, entrance_room_1, metal_vault_7, armoury_2,
          mini_pit_1, grid_room_1, main_hall_1, silver_pit, the_coven_3,
          the_vestibule_1, steel_vault_5, golden_pit, hallway_of_sentries,
          crystal_vault_4, iron_vault_3, final_vault]

Skill      XL: |  1 |
---------------+----+-----
Conjurations   | 2 |  2.9
Air Magic      | 4 |  4.2
Dodging        | |  2.0
Stealth        | |  2.6
Spellcasting   | |  2.7

Action                   || total
-------------------------++-------
Melee: Unarmed           ||     1
 Cast: Shock             ||    13
  Use: Potion            ||     1
Dodge: Dodged            ||     4

Table legend: (Time is in decaauts)
 A = Elapsed time spent in this place.
 B = Non-inter-level travel time spent in this place.
 C = Inter-level travel time spent in this place.
 D = Time resting spent in this place.
 E = Time spent auto-exploring this place.
 F = Levels seen in this place.
 G = Mean time per level.
                   A        B        C        D        E       F      G
               +--------+--------+--------+--------+--------+-----+--------+
         Total |    553 |    553 |      0 |    441 |      0 |   1 |  553.0 |
       Dungeon |    553 |    553 |      0 |    441 |      0 |   1 |  553.0 |
               +--------+--------+--------+--------+--------+-----+--------+

Top non-repeatable levels by time:
       D: 553 daAuts
